AoeStats
← Lacri

Hill Fort

505929130Analyzed
4v4 RM · 20d ago on Sep 11, 2026· 93m 48s· 8 players
Game mode
Random Map
Map size
Large (8 player)
Population
200
Speed
Normal
Resources
Standard
Victory
Conquest
Starting age
Dark Age
Ending age
Imperial Age
RankedLock teamsTeams togetherTeam positionsShared explorationLock speedFull tech treeHidden civsTurbo modeCheats
Victory
Defeat
🇲🇿 Persians · Mozambique
1213
+16
🇲🇿 Tupi · Mozambique
1190
+17
🇲🇿 Huns · Mozambique
1179
+17
🇺🇸 Mongols · United States
1167
+18
🇦🇹 Aztecs · Austria
1226
-18
1212
-17
🇲🇽 Bohemians · Mexico
1203
-17
🇩🇪 Britons · Germany
1184
-16
Rob88Silva
5:15 Loom
9:13 Feudal Age
9:55 Feudal Age
16:16 Wheelbarrow
16:00 Double-Bit Axe
19:08 Castle Age
20:25 Bow Saw
23:27 Stone Mining
29:18 Horse Collar
30:48 Fletching
31:04 Gold Mining
33:23 Bodkin Arrow
38:59 Imperial Age
37:57 Hand Cart
37:28 Town Watch
38:19 Padded Archer Armor
39:44 Bracer
40:17 Ballistics
43:02 Conscription
43:57 Leather Archer Armor
45:22 Elite Mangudai
47:24 Scale Barding Armor
47:35 Town Patrol
47:54 Caravan
48:47 Bloodlines
48:37 Husbandry
48:02 Light Cavalry
50:12 Heavy Plow
50:15 Hussar
50:46 Capped Ram
52:19 Siege Ram
53:22 Drill
54:47 Chemistry
54:12 Chain Barding Armor
54:06 Forging
55:12 Nomads
65:15 Coinage
82:31 Stone Shaft Mining
84:21 Squires
Dengalenga
5:31 Loom
10:02 Feudal Age
15:54 Castle Age
14:16 Double-Bit Axe
16:13 Horse Collar
18:05 Fletching
18:17 Padded Archer Armor
17:45 Crossbowman
18:27 Squires
19:43 Bow Saw
22:06 Gold Mining
22:16 Heavy Plow
22:33 Bodkin Arrow
24:21 Town Watch
28:44 Gold Shaft Mining
29:45 Ballistics
34:54 Imperial Age
35:28 Leather Archer Armor
35:19 Elite Blackwood Archer
36:23 Conscription
37:01 Bracer
37:31 Ring Archer Armor
39:37 Chemistry
38:20 Treadmill Crane
39:14 Ring Archer Armor
38:47 Scale Mail Armor
39:27 Curare
44:33 Wheelbarrow
43:58 Town Patrol
43:28 Champi Runner
46:41 Arson
48:02 Caravan
48:33 Coinage
49:26 Hoardings
49:11 Capped Ram
53:06 Elite Skirmisher
59:17 Two-Man Saw
69:02 Coinage
72:54 Hand Cart
72:44 Pikeman
75:13 Halberdier
80:07 Hand Cart
83:05 Chain Mail Armor
83:00 Forging
HunterX
9:12 Feudal Age
13:35 Horse Collar
15:36 Loom
18:09 Castle Age
17:40 Wheelbarrow
16:50 Town Watch
18:58 Heavy Plow
18:44 Double-Bit Axe
22:39 Bow Saw
24:15 Bloodlines
24:06 Husbandry
24:12 Scale Barding Armor
27:54 Chain Barding Armor
30:43 Fervor
30:34 Gold Mining
30:35 Stone Mining
31:58 Forging
32:59 Gold Shaft Mining
38:18 Imperial Age
38:21 Fletching
39:06 Iron Casting
38:28 Cavalier
39:07 Bodkin Arrow
39:13 Padded Archer Armor
40:58 Plate Barding Armor
40:26 Bodkin Arrow
41:14 Elite Skirmisher
42:57 Padded Archer Armor
45:16 Leather Archer Armor
44:28 Light Cavalry
45:30 Caravan
46:00 Coinage
46:13 Conscription
47:30 Two-Man Saw
47:00 Crop Rotation
48:09 Ring Archer Armor
49:10 Guilds
53:13 Hoardings
52:59 Hussar
56:28 Coinage
57:29 Hand Cart
60:51 Thumb Ring
68:30 Ballistics
70:50 Banking
73:33 Chemistry
80:51 Blast Furnace
85:22 Savar
RomanoMZ
0:27 Loom
10:49 Feudal Age
11:27 Horse Collar
18:12 Castle Age
17:06 Scale Barding Armor
17:46 Forging
18:35 Padded Archer Armor
20:35 Double-Bit Axe
22:45 Chain Barding Armor
25:30 Iron Casting
25:09 Gold Mining
26:26 Wheelbarrow
26:54 Heavy Plow
33:20 Bloodlines
33:12 Husbandry
34:47 Stone Mining
41:53 Imperial Age
43:43 Plate Barding Armor
44:09 Blast Furnace
44:40 Gold Shaft Mining
44:19 Marauders
43:41 Elite Tarkan
44:42 Conscription
51:41 Caravan
52:12 Coinage
51:53 Guilds
61:37 Bow Saw
61:45 Hand Cart
68:38 Light Cavalry
69:48 Hussar
71:39 Two-Man Saw
90:47 Banking
Shaco Shabracco
9:40 Loom
11:56 Feudal Age
12:41 Double-Bit Axe
12:36 Horse Collar
16:58 Wheelbarrow
20:33 Castle Age
18:44 Fletching
19:20 Gold Mining
19:59 Padded Archer Armor
21:33 Bodkin Arrow
21:01 Crossbowman
22:29 Gold Shaft Mining
22:46 Bow Saw
26:38 Leather Archer Armor
27:04 Town Watch
27:34 Hand Cart
29:30 Pikeman
30:11 Squires
31:25 Heavy Plow
39:53 Imperial Age
38:26 Ballistics
37:38 Elite Skirmisher
39:06 Town Patrol
40:32 Yeomen
39:56 Arbalester
41:06 Conscription
42:10 Chemistry
43:11 Siege Engineers
43:26 Stone Mining
44:19 Halberdier
45:04 Bracer
45:34 Ring Archer Armor
46:05 Warwolf
46:20 Forging
48:57 Iron Casting
48:22 Scale Mail Armor
51:10 Blast Furnace
57:09 Murder Holes
68:34 Light Cavalry
69:15 Husbandry
71:46 Coinage
72:57 Scale Barding Armor
73:10 Chain Mail Armor
74:00 Chain Barding Armor
follow the white rabbit Δ
2:27 Loom
12:19 Feudal Age
12:47 Horse Collar
12:53 Double-Bit Axe
18:53 Castle Age
19:40 Wheelbarrow
19:58 Heavy Plow
24:04 Bow Saw
24:09 Town Watch
25:25 Hand Cart
25:36 Fletching
27:16 Fishing Lines
27:32 Gold Mining
28:42 Bodkin Arrow
28:47 Padded Archer Armor
32:30 Ballistics
32:27 Leather Archer Armor
35:22 Town Patrol
37:22 Kshatriyas
39:33 Gillnets
40:36 Gold Shaft Mining
39:51 Stone Mining
43:31 Imperial Age
44:15 Bracer
45:19 Chemistry
43:42 Elite Elephant Archer
45:21 Stone Shaft Mining
46:03 Fortified Wall
45:48 Murder Holes
47:58 Conscription
77:22 Light Cavalry
78:04 Husbandry
Lacri
5:32 Loom
11:29 Feudal Age
15:39 Castle Age
13:48 Horse Collar
14:38 Double-Bit Axe
17:30 Bow Saw
18:15 Town Watch
20:42 Scale Mail Armor
23:27 Wheelbarrow
22:44 Eagle Warrior
24:47 Squires
28:23 Chain Mail Armor
29:21 Hand Cart
31:13 Pikeman
33:19 Forging
35:57 Imperial Age
34:32 Fletching
35:17 Iron Casting
35:38 Arson
36:06 Elite Eagle Warrior
39:03 Siege Engineers
40:00 Garland Wars
40:01 Conscription
40:34 Ballistics
43:47 Plate Mail Armor
43:13 Bodkin Arrow
44:20 Blast Furnace
45:53 Bracer
47:00 Chemistry
48:59 Gambesons
50:36 Heavy Plow
76:43 Elite Skirmisher
79:52 Capped Ram
CCM | Zero
11:00 Feudal Age
11:50 Loom
15:19 Castle Age
17:01 Pikeman
22:15 Town Watch
24:03 Forging
23:58 Scale Mail Armor
24:56 Forging
25:34 Wheelbarrow
27:30 Hand Cart
28:01 Squires
34:19 Double-Bit Axe
39:07 Imperial Age
38:18 Crossbowman
39:00 Padded Archer Armor
39:48 Ballistics
39:35 Fletching
39:47 Padded Archer Armor
40:20 Elite Skirmisher
43:58 Leather Archer Armor
43:48 Bodkin Arrow
Connection lost

Rejoining the realm…

Still unreachable

The connection could not be restored.

Session expired

The server has moved on; the page needs a fresh start.